 Dungeon Crawl Stone Soup version 0.31-a0-150-g89dc3ad700 (webtiles) character file.

Game seed: 14583176975669582989

510 iguanaiguana the Sneak (level 6, -8/41 HPs)
             Began as a Deep Elf Delver on June 9, 2023.
             Was a Follower of Uskayaw.
             Mangled by an ogre
             ... wielding a +0 giant club
              (28 damage)
             ... on level 4 of the Dungeon.
             The game lasted 00:10:10 (3649 turns).

iguanaiguana the Sneak (Deep Elf Delver)            Turns: 3649, Time: 00:10:10

Health: -8/41      AC:  6    Str:  9    XL:     6   Next: 98%
Magic:  8/8        EV: 12    Int: 15    God:    Uskayaw [*.....]
Gold:   269        SH:  0    Dex: 18    Spells: 5/5 levels left

rFire   + . .        a - +1 dagger (venom)
rCold   + . .        (no shield)
rNeg    . . .        n - +0 leather armour
rPois   .            e - +0 helmet
rElec   .            h - +0 cloak
rCorr   .            (no gloves)
SInv    .            m - +0 pair of boots
Will    .....        (no amulet)
Stlth   +++          t - ring of protection from cold
HPRegen 0.26/turn    d - ring of protection from fire
MPRegen 0.11/turn

%: no passive effects
@: no status effects
A: no striking features
a: Renounce Religion, Stomp


You were on level 4 of the Dungeon.
You worshipped Uskayaw.
Uskayaw was noncommittal.
You visited 1 branch of the dungeon, and saw 7 of its levels.

You collected 269 gold pieces.

Inventory:

Hand Weapons
 a - a +1 dagger of venom (weapon)
 b - a +0 orcbow
 r - a +0 rapier
Missiles
 l - 9 poisoned darts
 y - 6 atropa-tipped darts
 A - 2 javelins
Armour
 e - a +0 helmet (worn)
 h - a +0 cloak (worn)
 m - a +0 pair of boots (worn)
 n - a +0 leather armour (worn)
Magical Staves
 f - a staff of earth
 x - a staff of fire
Jewellery
 d - a ring of protection from fire (right hand)
 t - a ring of protection from cold (left hand)
Scrolls
 c - a scroll of fog
 i - 2 scrolls of poison {unknown}
 o - a scroll of teleportation {unknown}
 p - 2 scrolls of amnesia {unknown}
 u - 2 scrolls of enchant weapon {unknown}
 w - a scroll of fear
 z - a scroll of identify {@r1}
Potions
 g - a potion of heal wounds {unknown}
 j - 2 potions of might {unknown}
 k - 2 potions of lignification {unknown}
 q - a potion of haste {@q4}
 s - a potion of brilliance {unknown}
 v - a potion of curing {unknown}


   Skills:
 - Level 5.7 Fighting
 + Level 4.2 Short Blades
 - Level 1.2 Ranged Weapons
 - Level 2.4 Dodging
 - Level 6.0 Stealth


You had 5 spell levels left.
You didn't know any spells.
Your spell library contained the following spells:

 Spells                   Type           Power      Damage    Failure   Level
 Magic Dart               Conj           0%         1d3       36%         1
 Call Imp                 Summ           0%         N/A       50%         2
 Dazzling Flash           Conj/Hex       0%         N/A       75%         3
 Mephitic Cloud           Conj/Pois/Air  0%         N/A       75%         3
 Teleport Other           Tloc           0%         N/A       75%         3
 Volatile Blastmotes      Fire/Tloc      0%         2d10      75%         3
 Airstrike                Air            0%         2d(0-16)  98%         4
 Iskenderun's Mystic Bla  Conj/Tloc      0%         2d3       98%         4
 Silence                  Hex/Air        0%         N/A       100%        5
 Starburst                Conj/Fire      0%         6d3       100%        6


Dungeon Overview and Level Annotations

Branches:
Dungeon (7/15) Zot: 25352
 Temple: D:4-7

Altars:
Okawaru
Sif Muna
Uskayaw

Annotations:
D:4 exclusion: 3 ogres
D:5 Edmund


Message History

The ogre is lightly wounded.
You hit the ogre.
The ogre looks as sick as possible!
The ogre is moderately wounded.
The ogre hits you with a +0 giant spiked club!!
The ogre attacks as you move away!
The ogre hits you with a +0 giant spiked club!
* * * LOW HITPOINT WARNING * * *
You kill the ogre!
You feel your intelligence returning.
Training target 4.0 for Short Blades reached!
Your Short Blades skill increases to level 4!
You need to enable at least one skill for training.
An ogre is nearby! a +0 giant spiked club; an ogre corpse You start resting.
HP restored.
No target in view!
No target in view!
No target in view! a +0 giant spiked club; an ogre corpse No target in view!
What are your orders? t - Shout!
Orders for allies: a - Attack new target. r - Retreat! s - Stop attacking. g - Guard the area. f - Follow me.
Anything else - Cancel.
You shout for attention!
You hear a shout!
You hit the ogre but do no damage. You hit the ogre.
The ogre is lightly wounded.
The ogre hits you with a +0 giant club!!
Ouch! That really hurt!
* * * LOW HITPOINT WARNING * * *
You are too injured to fight recklessly!
You are too injured to fight recklessly!
The ogre attacks as you move away!
The ogre hits you with a +0 giant club!!
Ouch! That really hurt!
You die...

##....#####...............
#.......##....#...........
####.......###............... #
###............####............ #
#...............##..####...#... .
#................#..####.......
.##..................##.....>....
#..#................## #.........
...#...........O@...####.........
........<..............).........
.............>.....#.#...........
.................................
##....##.........................
###....#...........#.......<..##.
....#........#........##......#..
...###.##....#.......####........
##..#.........####...# #.###....


You could see an ogre.

Vanquished Creatures
  A black bear (D:4)
  2 ogres (D:4)
  2 scorpions
  A howler monkey (D:3)
  An adder (D:3)
  A shadow imp (D:5)
  3 dart slugs
  3 orcs
  6 ball pythons
  4 bats
  2 endoplasms
  2 giant cockroaches
  5 goblins
  6 hobgoblins
  2 jackals (D:4)
  7 kobolds
  6 quokkas
  4 frilled lizards
  8 rats
66 creatures vanquished.

Notes
Turn   | Place    | Note
-------+----------+-------------------------------------------
     0 | D:5      | iguanaiguana the Deep Elf Delver began the quest for the
                  | Orb.
     0 | D:5      | Reached XP level 1. HP: 13/13 MP: 3/3
    29 | D:5      | Noticed Edmund
   112 | D:6      | Noticed a scorpion
   157 | D:5      | Noticed a scorpion
   165 | D:5      | Killed a scorpion
   166 | D:5      | Reached XP level 2. HP: 20/20 MP: 4/4
   166 | D:5      | Reached XP level 3. HP: 24/24 MP: 5/5
   229 | D:5      | Reached XP level 4. HP: 29/29 MP: 6/6
   309 | D:4      | Noticed an ogre
   332 | D:4      | Noticed an ogre
   341 | D:4      | Noticed an ogre
   363 | D:4      | Noticed a black bear
   399 | D:4      | Killed a black bear
   400 | D:4      | Reached skill level 5 in Fighting
   400 | D:4      | Reached XP level 5. HP: 13/35 MP: 7/7
   529 | D:4      | Got the Discourse on the Galvanic Wayfarer
   817 | D:4      | Reached XP level 6. HP: 33/40 MP: 8/8
  1225 | D:3      | Found a hide-covered altar of Uskayaw.
  1225 | D:3      | Found a shimmering blue altar of Sif Muna.
  1229 | D:3      | Became a worshipper of Uskayaw the Reveller
  1266 | D:3      | Reached * piety under Uskayaw
  1690 | D:2      | Found a faded altar of an unknown god.
  1854 | D:2      | Found an iron altar of Okawaru.
  1953 | D:3      | Found an iron altar of Okawaru.
  1962 | D:3      | Reached skill level 1 in Ranged Weapons
  3649 | D:4      | Mangled by an ogre

Illustrated notes

Levels and vault maps discovered:
D:1:      wheals_arrival_shading, layout_basic
D:2:      layout_basic, basic_altar,
          dreamdust_ecumenical_altar_angels_and_demons
D:3:      layout_basic, gammafunk_temple_overflow_wave,
          okawaru_metal_pillars_1_2
D:4:      layout_cave_pools
D:5:      kennysheep_steamy, layout_gridville, nicolae_shop_firing_range,
          uniq_edmund
D:6:      layout_basic, general_overflow_altar,
          minmay_a_box_with_orc_wizards_in_it
D:7:      layout_basic, minmay_temple_entry_enclosed_plants, serial_shops, shop

Skill      XL: |  1  2  3  4  5  6 |
---------------+-------------------+-----
Fighting       | 3 4 5 |  5.7
Ranged Weapons | 1 |  1.2
Short Blades   | 4 |  4.2
Dodging        | |  2.4
Stealth        | |  6.0

Action                     |  1- 3 |  4- 6 || total
---------------------------+-------+-------++-------
  Melee: Rapier            |     9 |    81 ||    90
         Dagger            |       |    62 ||    62
         Punch             |       |     1 ||     1
   Fire: Sling             |       |    24 ||    24
  Throw: Throwing net      |       |     1 ||     1
  Evoke: Wand              |       |     3 ||     3
    Use: Scroll            |     2 |     1 ||     3
         Potion            |       |     2 ||     2
   Stab: Sleeping          |     3 |    17 ||    20
 Armour: Leather armour    |     4 |    33 ||    37
  Dodge: Dodged            |     5 |    96 ||   101

Table legend: (Time is in decaauts)
 A = Elapsed time spent in this place.
 B = Non-inter-level travel time spent in this place.
 C = Inter-level travel time spent in this place.
 D = Time resting spent in this place.
 E = Time spent auto-exploring this place.
 F = Levels seen in this place.
 G = Mean time per level.
                   A        B        C        D        E       F      G
               +--------+--------+--------+--------+--------+-----+--------+
         Total |   3641 |   3349 |    292 |    538 |   1967 |   7 |  520.1 |
       Dungeon |   3641 |   3349 |    292 |    538 |   1967 |   7 |  520.1 |
               +--------+--------+--------+--------+--------+-----+--------+

Top non-repeatable levels by time:
     D:3: 933 daAuts
     D:1: 929 daAuts
     D:4: 806 daAuts
     D:2: 725 daAuts
     D:5: 160 daAuts
     D:6: 82 daAuts
     D:7: 1 daAuts
